 Dungeon Crawl Stone Soup version 0.28.0 (webtiles) character file.

Game seed: 6155063650414330155

56 Colgate the Conjurer (level 3, -3/14 HPs)
             Began as a Felid Conjurer on Feb 5, 2022.
             Killed from afar by Sigmund (11 damage)
             ... with a magic dart
             ... on level 2 of the Dungeon on Feb 6, 2022.
             The game lasted 00:08:19 (2886 turns).

Colgate the Conjurer (Felid Conjurer)               Turns: 2886, Time: 00:08:19

Health: -3/14      AC:  1    Str:  3    XL:     3   Next: 69%
Magic:  6/7        EV: 17    Int: 21    God:
Gold:   32         SH:  0    Dex: 14    Spells: 3/6 levels left
                                        Lives:  0   Deaths: 0

rFire   . . .      SeeInvis +   (weapon unavailable)
rCold   . . .      Faith    .   (shield unavailable)
rNeg    . . .      Spirit   .   (armour unavailable)
rPois   .          Reflect  .   (helmet unavailable)
rElec   .          Harm     .   (cloak unavailable)
rCorr   .          Rampage  .   (gloves unavailable)
Will    .....                   (boots unavailable)
Stlth   ++........              (no amulet)
HPRegen 0.04/turn               (no ring)
MPRegen 0.10/turn               (no ring)

@: quick
A: very small, claws 1, fangs 3, see invisible, speed 1, shaggy fur 1, stealthy
paws, no weapons or thrown items, no armour, multi-lived
a: no special abilities


You were on level 2 of the Dungeon.
You visited 1 branch of the dungeon, and saw 2 of its levels.

You collected 32 gold pieces.

Inventory:

Jewellery
 d - a ring of fire
Scrolls
 a - 2 scrolls of identify {unknown}
 e - a scroll of silence {unknown}
 f - a scroll of holy word {unknown}
Potions
 b - 3 potions of curing {unknown}
 c - a potion of attraction {unknown}


   Skills:
 - Level 2.6 Dodging
 - Level 2.6 Stealth
 - Level 2.0 Spellcasting
 + Level 4.9 Conjurations


You had 3 spell levels left.
You knew the following spells:

 Your Spells              Type           Power      Damage    Failure   Level
a - Magic Dart            Conj           92%        1d7       1%          1
b - Searing Ray           Conj           46%        2d6       3%          2

Your spell library contained the following spells:

 Spells                   Type           Power      Damage    Failure   Level
 Dazzling Flash           Conj/Hex       24%        N/A       16%         3
 Fulminant Prism          Conj/Hex       6%         3d7       47%         4
 Iskenderun's Mystic Bla  Conj/Tloc      12%        2d5       47%         4


Dungeon Overview and Level Annotations

Branches:
Dungeon (2/15)

Altars:

Annotations:
D:2 Sigmund


Innate Abilities, Weirdness & Mutations

You have sharp claws.
You have razor-sharp teeth.
You have supernaturally acute eyesight. (SInv)
You cover ground quickly. (Speed+)
You are covered in fur. (AC +1)
Your paws help you pounce on unaware monsters.
You are incapable of wielding weapons or throwing items.
You cannot wear armour.
You gain extra lives every three experience levels.


Message History

Aiming: Magic Dart (safe; 1% risk of failure)
Press: ? - help, Shift-Dir - straight line, f/p - Sigmund
Aim: Sigmund, wielding a +1 scythe of flaming and wearing a +0 robe (moderately wounded, slightly transparent, 100% to hit)
The magic dart hits Sigmund.
Sigmund is heavily wounded.
Casting: Magic Dart (safe; 1% risk of failure)
Confirm with . or Enter, or press ? or * to list all spells.
Aiming: Magic Dart (safe; 1% risk of failure)
Press: ? - help, Shift-Dir - straight line, f/p - Sigmund
Aim: Sigmund, wielding a +1 scythe of flaming and wearing a +0 robe (heavily wounded, 100% to hit)
The magic dart hits Sigmund.
Sigmund is heavily wounded.
Sigmund casts a spell at you.
You are confused.
You bump into the rock wall.
You bump into the rock wall.
You feel less confused.
Sigmund points at you and mumbles some strange words.
You are confused.
You bump into the rock wall.
Sigmund points at you and mumbles some strange words.
The magic dart hits you!
Ouch! That really hurt!
You bump into the rock wall.
Sigmund giggles. "Time to reap what you sow."
You're too confused to move!
Sigmund mumbles some strange words.
Sigmund flickers and vanishes for a moment.
You feel less confused.
Casting: Magic Dart (safe; 1% risk of failure)
Confirm with . or Enter, or press ? or * to list all spells.
Aiming: Magic Dart (safe; 1% risk of failure)
Press: ? - help, Shift-Dir - straight line, f/p - Sigmund
Aim: Sigmund, wielding a +1 scythe of flaming and wearing a +0 robe (heavily wounded, slightly transparent, 100% to hit)
The magic dart hits Sigmund.
Sigmund is severely wounded.
Sigmund casts a spell at you. The magic dart hits you!
Ouch! That really hurt!
You die...

.....# #.# ##+## ####.##### #.#
##...## #.....# ##.# ##.....##
##.###.# ###..# ##.......#
###>..##.#######....####..<......
.....................[.'.........
###...##.#######....####.........
##.###.#### #.#.## ##.......#
##(.<....# #@### ##....[##
#.##.##.# #.# ##...## #.##.##.#
#.# ##+## #....##.# #.# #.#
#..####.# #.# ########.#
#..####.# #.####.[......##
#.......# #.##.......#...##
##.###### #@##.#.###......## #.#
#.##.#.#..........


You could see Sigmund (invisible).

Vanquished Creatures
  3 adders (D:2)
  4 endoplasms (D:1)
  2 giant cockroaches
  2 goblins (D:2)
  4 hobgoblins
  A quokka (D:2)
  2 ball pythons
  2 bats
  A frilled lizard (D:2)
  5 kobolds
  4 rats
30 creatures vanquished.

Notes
Turn   | Place    | Note
-------+----------+-------------------------------------------
     0 | D:1      | Colgate the Felid Conjurer began the quest for the Orb.
     0 | D:1      | Reached XP level 1. HP: 7/7 MP: 4/4
   689 | D:1      | Reached skill level 4 in Conjurations
   741 | D:1      | Reached XP level 2. HP: 6/11 MP: 1/6
   744 | D:1      | Learned a level 2 spell: Searing Ray
  1587 | D:2      | Reached XP level 3. HP: 12/14 MP: 0/7
  2096 | D:2      | Noticed Sigmund
  2886 | D:2      | Killed from afar by Sigmund

Illustrated notes

Levels and vault maps discovered:
D:1:      co_arrival_random_square_maze, layout_loops_ring, bh_walls_and_bars
D:2:      layout_loops_corners, uniq_sigmund

Skill      XL: |  1 |
---------------+----+-----
Conjurations   | 4 |  4.9
Dodging        | |  2.6
Stealth        | |  2.6
Spellcasting   | |  2.0

Action                   || total
-------------------------++-------
Melee: Unarmed           ||     8
       Bite              ||     1
 Cast: Magic Dart        ||    48
       Searing Ray       ||    13
 Stab: Sleeping          ||     1
Armor: Skin              ||     1
Dodge: Dodged            ||    12
